 Dungeon Crawl Stone Soup version 5.6-49-g8abd877 (webtiles) character file.

3 rednecknazgul the Shooter (level 8, -1/54 HPs) *CASUAL*
             Began as a Skeleton Gladiator on Nov 3, 2018.
             Was an Initiate of Dithmenos.
             Slain by a yak (10 damage)
             ... on level 4 of the Dungeon.
             The game lasted 00:03:17 (2061 turns).

rednecknazgul the Shooter (Skeleton Gladiator)      Turns: 2061, Time: 00:03:18

Health: -1/54      AC: 12 (28%)Str: 18  XL:     8   Next: 11%
Magic:  10/10      EV: 12    Int:  6    God:    Dithmenos [0*[16]]
Gold:   183        SH:  3    Dex: 13    Spells: 11/11 levels left

rFire    . . .     SeeInvis .   a - +0 shortbow
rCold    + . .     Faith    .   (shield currently unavailable)
rNeg     + + +     Spirit   .   j - +0 scale mail
rPois    ∞         Reflect  .   c - +0 helmet
rElec    .                      b - +0 cloak
rCorr    .                      (no gloves)
MR       .....                  (no boots)
Stlth    ..........             (no amulet)
Regen    0.2/turn               (no ring)
MPRegen  0.2/turn               (no ring)

@: corpse armour
A: spooky, fear immunity, bone armour, cold resistance 1, negative energy
resistance 3, torment resistance, unbreathing
a: Renounce Religion


You were on level 4 of the Dungeon.
You worshipped Dithmenos.
Dithmenos was noncommittal.
You were not hungry.

You visited 1 branch of the dungeon, and saw 4 of its levels.

You collected 183 gold pieces.

Inventory:

Hand Weapons
 a - a +0 shortbow (weapon)
Missiles
 d - 103 poisoned darts
 e - 3 curare darts
Armour
 b - a +0 cloak (worn)
 c - a +0 helmet (worn)
 j - a +0 scale mail (worn)
Scrolls
 f - a scroll of blinking
 h - a scroll of amnesia
Potions
 g - 3 potions of cancellation
 i - 2 potions of heal wounds


   Skills:
 + Level 4.0 Fighting
 * Level 6.3 Bows & Xbows
 - Level 2.0 Throwing
 + Level 3.4 Armour
 + Level 4.6 Dodging


You had 11 spell levels left.
You didn't know any spells.
Your spell library was empty.

Dungeon Overview and Level Annotations

Branches:
Dungeon (4/15)

Altars:
Cheibriados
Dithmenos
Elyvilon
Gozag
Jiyva
Nemelex Xobeh
Ru
Trog
Vehumet
Wu Jian
The Shining One


Innate Abilities, Weirdness & Mutations

You are spooky and scary.
You do not feel fear.
You gain temporary bone armour from killing.
You are immune to poison.
Your flesh is cold resistant. (rC+)
You are immune to negative energy. (rN+++)
You are immune to unholy pain and torment.
You can survive without breathing.


Message History

You shoot an arrow. The arrow hits the yak (6).
The yak is heavily wounded.
The yak gores you but does no damage.
Firing (i - inventory):
Press: ? - help, Shift-Dir - straight line, f/p - yak
Aim: a yak (heavily wounded)
Okay, then.
You shoot an arrow. The arrow hits the yak (13)!
The yak is severely wounded.
The yak gores you (6).
* * * LOW HITPOINT WARNING * * *
Firing (i - inventory):
Press: ? - help, Shift-Dir - straight line, f/p - yak
Aim: a yak (severely wounded)
Okay, then.
You shoot an arrow.
The arrow hits the yak but does no damage.
The yak is severely wounded.
The yak gores you (10)!
You die... .w####### ..rYY.wr#

#.#####Y#
#Y# #Y#
#Y# #@#
#.# #.##
#..# ##.#
#.# #.#
#.# #.#


You could see 4 yaks, a dart slug and a quokka.

Vanquished Creatures
  A yak (D:4)
  A centaur skeleton (D:4)
  An orc priest (D:4)
  A hound (D:4)
  An orc wizard (D:4)
  A worker ant (D:3)
  3 gnolls (D:4)
  8 adders
  A shadow imp (D:4)
  An ooze (D:2)
  5 orcs (D:4)
  3 quokkas
  4 giant cockroaches
  4 goblins
  7 hobgoblins
  10 kobolds
  6 bats
  4 frilled lizards
  4 rats
66 creatures vanquished.

Notes
Turn   | Place    | Note
-------+----------+-------------------------------------------
     0 | D:1      | rednecknazgul the Skeleton Gladiator began the quest for the Orb.
     0 | D:1      | Reached XP level 1. HP: 14/14 MP: 2/2
   134 | D:1      | Reached XP level 2. HP: 19/19 MP: 3/3
   193 | D:1      | Reached skill level 1 in Armour
   193 | D:1      | Reached XP level 3. HP: 24/24 MP: 4/4
   776 | D:2      | Reached XP level 4. HP: 21/29 MP: 5/5
   829 | D:2      | Reached skill level 4 in Bows & Xbows
   829 | D:2      | Reached XP level 5. HP: 30/35 MP: 7/7
   831 | D:2      | Found a radiant altar of Vehumet.
   900 | D:2      | Found a white marble altar of Elyvilon.
   942 | D:2      | Found an ornate altar of the Wu Jian Council.
   949 | D:2      | Found a bloodstained altar of Trog.
   986 | D:2      | Found a faded altar of an unknown god.
  1048 | D:2      | Found a glowing golden altar of the Shining One.
  1243 | D:3      | Found a viscous altar of Jiyva.
  1314 | D:3      | Found an opulent altar of Gozag.
  1337 | D:3      | Reached XP level 6. HP: 41/41 MP: 8/8
  1343 | D:3      | Found a sacrificial altar of Ru.
  1811 | D:3      | Found a snail-covered altar of Cheibriados.
  1882 | D:4      | Reached skill level 5 in Bows & Xbows
  1910 | D:4      | Reached XP level 7. HP: 46/46 MP: 9/9
  1941 | D:4      | Found a shadowy altar of Dithmenos.
  1950 | D:4      | Became a worshipper of Dithmenos the Shadowed
  1984 | D:4      | Found a sparkling altar of Nemelex Xobeh.
  2029 | D:4      | Noticed a yak
  2031 | D:4      | Noticed a yak
  2033 | D:4      | Noticed a yak
  2036 | D:4      | Noticed a yak
  2039 | D:4      | Noticed a yak
  2044 | D:4      | Killed a yak
  2044 | D:4      | Reached skill level 6 in Bows & Xbows
  2044 | D:4      | Reached XP level 8. HP: 30/54 MP: 10/10
  2061 | D:4      | Slain by a yak

Skill      XL: |  1  2  3  4  5  6  7 |
---------------+----------------------+-----
Fighting       | 2 3 4 |  4.0
Dodging        | 3 4 |  4.6
Armour         | 1 2 3 |  3.4
Bows & Xbows   | 4 5 6 |  6.3
Throwing       | |  2.0

Action                   |  1- 3 |  4- 6 |  7- 9 || total
-------------------------+-------+-------+-------++-------
 Fire: Shortbow          |    72 |   139 |    64 ||   275
Armor: Leather armour    |    12 |       |       ||    12
       Ring mail         |     6 |    13 |       ||    19
       Scale mail        |       |    16 |     9 ||    25
Dodge: Dodged            |    34 |    31 |    23 ||    88
Block: Other             |     2 |     1 |     2 ||     5
